 Dungeon Crawl Stone Soup version 0.21.1-1-g345015f (webtiles) character file.

35 letownia2 the Chiller (level 3, -5/16 HPs)
             Began as a Vine Stalker Ice Elementalist on Feb 24, 2018.
             Slain by a gnoll
             ... wielding a +0 flail
              (9 damage)
             ... on level 2 of the Dungeon.
             The game lasted 00:01:58 (260 turns).

letownia2 the Chiller (VSIE)                         Turns: 260, Time: 00:01:58

Health: -5/16      AC:  2    Str: 10    XL:     3   Next: 35%
Magic:  0/7        EV: 12    Int: 16    God:
Gold:   20         SH:  0    Dex: 14    Spells: 2/6 levels left

rFire    . . .     SeeInvis .   d - +0 dagger
rCold    . . .     Gourm    +   (no shield)
rNeg     . . .     Faith    .   a - +0 robe
rPois    .         Spirit   +   (no helmet)
rElec    .         Reflect  .   (no cloak)
rCorr    .         Harm     .   (no gloves)
MR       .....                  (no boots)
Stlth    ++........             e - amulet of the gourmand
HPRegen  0.05/turn              (no ring)
MPRegen  0.10/turn              (no ring)

@: no status effects
A: fangs 2, magic shield, antimagic bite, no potion heal 3, rot immunity
a: no special abilities


You were on level 2 of the Dungeon.
You were not hungry.

You visited 1 branch of the dungeon, and saw 2 of its levels.

You collected 20 gold pieces.

Inventory:

Hand Weapons
 d - a +0 dagger (weapon)
Armour
 a - a +0 robe (worn)
Jewellery
 e - an amulet of the gourmand (around neck)
Scrolls
 f - a scroll of identify {unknown}
 g - a scroll of blinking {unknown}
Books
 b - a book of Frost

   Spells                             Type                      Level
   a - Freeze                         Ice                          1
   b - Throw Frost                    Conjuration/Ice              2
   c - Ozocubu's Armour               Charms/Ice                   3
   d - Throw Icicle                   Conjuration/Ice              4
   e - Summon Ice Beast               Ice/Summoning                4
Comestibles
 c - 2 rations
 h - a chunk of flesh


   Skills:
 - Level 1.5 Dodging
 - Level 2.4 Stealth
 - Level 2.1 Spellcasting
   Level 1.0 Conjurations
 + Level 0.5 Charms
 + Level 4.2 Ice Magic


You had 2 spell levels left.
You knew the following spells:

 Your Spells              Type           Power        Failure   Level  Hunger
a - Freeze                Ice            ###.         3%          1    #......
o - Ozocubu's Armour      Chrm/Ice       #.......     22%         3    ###....


Dungeon Overview and Level Annotations

Branches:
Dungeon (2/15)

Altars:
Xom
Zin


Innate Abilities, Weirdness & Mutations

You have extremely sharp teeth.
When hurt, damage is shared between your health and your magic reserves.
Your bite disrupts and absorbs the magic of your enemies.
Potions cannot restore your health.
You are immune to rotting.


Message History

Unknown command.
Casting: Freeze
Confirm with . or Enter, or press ? or * to list all spells.
Aiming: Freeze
Press: ? - help, Shift-Dir - straight line, f - gnoll
Aim: a gnoll, wielding a flail You freeze the gnoll.
The gnoll is moderately wounded.
The gnoll closely misses you.
Unknown command.
Casting: Freeze
Confirm with . or Enter, or press ? or * to list all spells.
Aiming: Freeze
Press: ? - help, Shift-Dir - straight line, f/p - gnoll
Aim: a gnoll, wielding a flail (moderately wounded)
You freeze the gnoll.
The gnoll is heavily wounded.
The gnoll hits you with a flail!
Ouch! That really hurt!
You die...

.....#A..#...#
####..#...#.?#
#.....#####..#
#...._....#
##.......##
#.#g#####
#.#g# #.#g#
#g#@# #.#.#
#รท#.# #.#.#
#.#.# #.#.#
#.#.# #.#.#
#.#g#


You could see 2 gnolls and a goblin.

Vanquished Creatures
  A gnoll (D:2)
  An adder (D:2)
  An ooze (D:2)
  A leopard gecko (D:1)
  3 goblins
  A hobgoblin (D:1)
  2 bats
  A frilled lizard (D:2)
  2 rats (D:1)
13 creatures vanquished.

Notes
Turn   | Place    | Note
-------+----------+-------------------------------------------
     0 | D:1      | letownia2 the Vine Stalker Ice Elementalist began the quest for the Orb.
     0 | D:1      | Reached XP level 1. HP: 9/9 MP: 4/4
    82 | D:1      | Reached XP level 2. HP: 10/13 MP: 1/6
   148 | D:2      | Noticed an angel
   165 | D:2      | Reached skill level 4 in Ice Magic
   165 | D:2      | Reached XP level 3. HP: 12/16 MP: 1/7
   174 | D:2      | Found a glowing silver altar of Zin.
   179 | D:2      | Learned a level 3 spell: Ozocubu's Armour
   179 | D:2      | Found a shimmering altar of Xom.
   260 | D:2      | Slain by a gnoll

Skill      XL: |  1  2 |
---------------+-------+-----
Ice Magic      | 4 |  4.2
Dodging        | |  1.5
Stealth        | |  2.4
Spellcasting   | |  2.1
Conjurations   | |  1.0
Charms         | |  0.5

Action                   || total
-------------------------++-------
Melee: Unarmed           ||     3
       Dagger            ||     5
       Bite              ||     1
 Cast: Freeze            ||    21
 Stab: Sleeping          ||     2
  Eat: Chunk             ||     1
Armor: Robe              ||     6
Dodge: Dodged            ||    17
